AoeStats
← Sealion42

Coastal Forest

510486937Analyzed
2v2 RM · 19h ago on Oct 1, 2026· 19m 55s· 4 players
Game mode
Random Map
Map size
Medium (4 player)
Population
200
Speed
Normal
Resources
Standard
Victory
Conquest
Starting age
Dark Age
Ending age
Imperial Age
RankedLock teamsTeams togetherTeam positionsShared explorationLock speedFull tech treeHidden civsTurbo modeCheats
Victory
Defeat
🇺🇦 Vikings · Ukraine
1214
+13
🇨🇭 Poles · Switzerland
1151
+16
🇲🇽 Bulgarians · Mexico
1236
-18
🇨🇴 Burgundians · Colombia
1059
-22
schlmar
4:09 Loom
11:39 Feudal Age
16:42 Castle Age
16:18 Scale Barding Armor
17:21 Forging
Sealion42
7:06 Loom
9:27 Feudal Age
10:37 Double-Bit Axe
11:34 Horse Collar
13:26 Fletching
15:35 Town Watch
chespi08
2:22 Loom
10:57 Feudal Age
18:02 Castle Age
16:10 Fletching
17:08 Gold Mining
17:21 Arson
18:05 Forging
gl142541
6:54 Loom
10:07 Feudal Age
9:45 Double-Bit Axe
12:24 Forging
22:12 Castle Age
Connection lost

Rejoining the realm…

Still unreachable

The connection could not be restored.

Session expired

The server has moved on; the page needs a fresh start.